 Dungeon Crawl Stone Soup version 0.21.1-1-g345015f (webtiles) character file.

255 Iko the Chucker (level 5, -8/46 HPs)
             Began as a Minotaur Assassin on May 10, 2018.
             Was an Initiate of Sif Muna.
             Shot with an arrow by a centaur (11 damage)
             ... on level 8 of the Dungeon.
             The game lasted 00:10:05 (773 turns).

Iko the Chucker (Minotaur Assassin)                  Turns: 773, Time: 00:10:06

Health: -8/46      AC:  7    Str: 15    XL:     5   Next: 91%
Magic:  4/4        EV: 10    Int:  9    God:    Sif Muna [......]
Gold:   55         SH:  0    Dex: 12    Spells: 4/4 levels left

rFire    . . .     SeeInvis .   c - +0 spear
rCold    . . .     Gourm    .   (no shield)
rNeg     . . .     Faith    .   a - +0 scale mail
rPois    .         Spirit   .   (helmet restricted)
rElec    .         Reflect  .   d - +0 cloak
rCorr    .         Harm     .   (no gloves)
MR       .....                  (no boots)
Stlth    +.........             (no amulet)
HPRegen  0.15/turn              (no ring)
MPRegen  0.09/turn              (no ring)

@: no status effects
A: retaliatory headbutt, horns 2
a: Renounce Religion


You were on level 8 of the Dungeon.
You worshipped Sif Muna.
Sif Muna was noncommittal.
You were not hungry.

You visited 1 branch of the dungeon, and saw 6 of its levels.

You collected 55 gold pieces.

Inventory:

Hand Weapons
 c - a +0 spear (weapon)
Armour
 a - a +0 scale mail (worn)
 d - a +0 cloak (worn)
Comestibles
 g - 6 rations


   Skills:
 + Level 3.7 Fighting
   Level 2.3 Short Blades
 + Level 1.7 Polearms
 + Level 4.1 Throwing
 + Level 1.2 Armour
 + Level 2.7 Dodging
 + Level 3.7 Stealth


You had 4 spell levels left.
You didn't know any spells.

Dungeon Overview and Level Annotations

Branches:
Dungeon (8/15)
 Temple: D:4-7         Lair: D:8-11

Altars:
Qazlal
Sif Muna


Innate Abilities, Weirdness & Mutations

You reflexively headbutt those who attack you in melee.
You have a pair of horns on your head.


Message History

* * * LOW HITPOINT WARNING * * *
You hit the ogre.
The ogre is severely wounded.
A centaur comes into view.
You barely miss the ogre.
The centaur shouts!
You kill the ogre!
Sif Muna accepts your kill.
Your Throwing skill increases to level 4!
Your Armour skill increases to level 1!
The centaur wields a shortbow.
The centaur shoots an arrow.
The arrow hits you.
* * * LOW HITPOINT WARNING * * *
The centaur shoots an arrow.
The arrow hits you.
* * * LOW HITPOINT WARNING * * *
Found 23 stones.
A crimson imp comes into view.
Things that are here:
an arrow; a giant club; an ogre corpse The centaur shoots an arrow.
The arrow hits you!
You die...

### # #<#
#####.#.######..(
........@(((.(.c5
.####............
.$.....########.
########


You could see a centaur.

Vanquished Creatures
  An ogre (D:8)
  A centaur (D:7)
  A worker ant (D:7)
  2 adders
  An ooze (D:1)
  2 worms
  2 dart slugs
  12 giant cockroaches (D:2)
  5 goblins
  A hobgoblin (D:2)
  2 jackals (D:6)
  2 quokkas
  2 bats (D:1)
  2 frilled lizards (D:2)
  2 kobolds (D:2)
  A rat (D:1)
39 creatures vanquished.

Notes
Turn   | Place    | Note
-------+----------+-------------------------------------------
     0 | D:1      | Iko the Minotaur Assassin began the quest for the Orb.
     0 | D:1      | Reached XP level 1. HP: 18/18 MP: 0/0
   138 | D:1      | Reached XP level 2. HP: 22/25 MP: 1/1
   296 | D:2      | Reached XP level 3. HP: 24/31 MP: 2/2
   396 | D:2      | Found a stormy altar of Qazlal.
   396 | D:2      | Noticed a water elemental
   593 | D:3      | Reached XP level 4. HP: 36/38 MP: 3/3
   629 | D:3      | You fall through a shaft for 3 floors!
   635 | D:6      | Reached skill level 3 in Throwing
   701 | D:7      | Noticed a centaur
   707 | D:7      | Killed a centaur
   707 | D:7      | Reached skill level 1 in Polearms
   707 | D:7      | Reached XP level 5. HP: 27/45 MP: 4/4
   727 | D:7      | Found a deep blue altar of Sif Muna.
   749 | D:7      | Became a worshipper of Sif Muna the Loreminder
   762 | D:8      | Noticed an ogre
   771 | D:8      | Noticed a centaur
   771 | D:8      | Killed an ogre
   771 | D:8      | Reached skill level 4 in Throwing
   771 | D:8      | Reached skill level 1 in Armour
   773 | D:8      | Shot with an arrow by a centaur

Skill      XL: |  1  2  3  4  5 |
---------------+----------------+-----
Fighting       | 3 |  3.7
Throwing       | 3 4 |  4.1
Polearms       | 1 |  1.7
Dodging        | 2 |  2.7
Armour         | 1 |  1.2
Short Blades   | |  2.3
Stealth        | |  3.7

Action                   |  1- 3 |  4- 6 || total
-------------------------+-------+-------++-------
Melee: Headbutt          |     9 |     1 ||    10
       Dagger            |     2 |       ||     2
       Spear             |    57 |    11 ||    68
 Fire: Blowgun           |    39 |       ||    39
Throw: Javelin           |     3 |    13 ||    16
  Use: Potion            |     4 |     1 ||     5
       Scroll            |     2 |     1 ||     3
Armor: Robe              |     8 |       ||     8
       Ring mail         |    47 |       ||    47
       Scale mail        |       |     1 ||     1
Dodge: Dodged            |    74 |     9 ||    83
